 Dungeon Crawl Stone Soup version 0.31.0-32-g396128a36d (webtiles) character file.

Game seed: 439232939950633701

31 firemarshallily the Cutter (level 3, -1/18 HPs)
             Began as a Vine Stalker Gladiator on Mar 12, 2024.
             Succumbed to a goblin's poison
             ... on level 1 of the Dungeon.
             The game lasted 00:03:25 (423 turns).

firemarshallily the Cutter (Vine Stalker Gladiator)  Turns: 423, Time: 00:03:25

Health: -1/18      AC:  5    Str: 16    XL:     3   Next: 22%
Magic:  2/4        EV: 12    Int:  8    God:
Gold:   56         SH:  0    Dex: 17    Spells: 2/2 levels left

rFire   . . .        k - +0 dagger
rCold   . . .        (no shield)
rNeg    + . .        b - +0 leather armour
rPois   .            c - +0 helmet
rElec   .            (no cloak)
rCorr   .            (no gloves)
SInv    .            f - +0 pair of boots
Will    .....        (no amulet)
Stlth   ++           j - ring of positive energy
HPRegen 1.03/turn    (no ring)
MPRegen 0.09/turn

%: guardian spirit
@: lethally poisoned (-1 -> -15), hasted, very quick
A: fangs 2, regeneration 1, magic shield, antimagic bite, no potion heal 2
a: no special abilities


You were on level 1 of the Dungeon.
You visited 1 branch of the dungeon, and saw 1 of its levels.

You collected 56 gold pieces.

Inventory:

Hand Weapons
 a - a +0 rapier
 k - a +0 dagger (weapon)
Missiles
 d - 2 throwing nets (quivered)
 e - a javelin
Armour
 b - a +0 leather armour (worn)
 c - a +0 helmet (worn)
 f - a +0 pair of boots (worn)
Jewellery
 j - a ring of positive energy (left hand)
Scrolls
 g - a scroll of poison {unknown}
 i - a scroll of teleportation {unknown}
 l - a scroll of identify {unknown}
Potions
 m - a potion of enlightenment {unknown}
 n - a potion of lignification {unknown}


   Skills:
 + Level 2.2 Fighting
 + Level 3.0 Short Blades
 - Level 1.7 Throwing
 + Level 0.9 Armour
 - Level 2.4 Dodging
 + Level 1.7 Stealth


You had 2 spell levels left.
You didn't know any spells.
Your spell library was empty.

Dungeon Overview and Level Annotations

Branches:
Dungeon (1/15)

Altars:


Innate Abilities, Weirdness & Mutations

You have extremely sharp teeth.
Your natural rate of healing is unusually fast.
When hurt, damage is shared between your health and your magic reserves.
Your bite disrupts and absorbs the magic of your enemies.
Potions cannot restore your health.


Message History

A goblin comes into view. It is wielding a +0 dagger.
The goblin shouts! x2
The goblin hits you but does no damage.
You are poisoned.
You hit the goblin.
The goblin is moderately wounded.
You feel sick. The goblin misses you.
You barely miss the goblin. Your bite misses the goblin.
The goblin is moderately wounded.
You feel sick.
You closely miss the goblin.
The goblin is moderately wounded.
The goblin misses you.
You closely miss the goblin.
The goblin is moderately wounded.
You feel sick. The goblin hits you with a +0 dagger.
The goblin hits you with a +0 dagger of venom.
You are more poisoned.
You completely miss the goblin.
The goblin is moderately wounded.
You feel very sick. The goblin hits you with a +0 dagger.
The goblin closely misses you.
Unknown command.
Okay, then.
Throw: 3 throwing nets
Press: ? - help, Q - select action, (/) - cycle Shift-Dir - straight line, f - goblin
Aim: a goblin, wielding a +0 dagger of venom (moderately wounded, 50% to hit)
You throw a throwing net.
The throwing net barely misses the goblin.
You feel very sick. The goblin misses you.
The goblin hits you with a +0 dagger of venom.
* * * LOW HITPOINT WARNING * * *
You are more poisoned.
Throw: 2 throwing nets
Press: ? - help, Q - select action, (/) - cycle Shift-Dir - straight line, f/p - goblin
Aim: a goblin, wielding a +0 dagger of venom (moderately wounded, 50% to hit)
Okay, then.
It was a potion of haste.
You feel yourself speed up.
You die...

.###...######
..>.........#
.......####.##
)..#......#..#######
#..
.#.#......##..##...#
..
##.###....###.##...#
#.####
#.............#...#
##.#...
#.........###.....#
#....## ##.........#
#..@g.# ##......
(#.........#
#..g.....# #.....#.
.##........#
###(..##.# #.......
...........###
###....## #....###
.............#
#.....##.......
...##........#
......###.####
.............#
..#...##.####
....#........#
..#(...†.....
....#........#
####.....##


You could see 2 goblins.

Vanquished Creatures
  A dart slug (D:1)
  4 endoplasms (D:1)
  A giant cockroach (D:1)
  2 goblins (D:1)
  2 hobgoblins (D:1)
  4 jackals (D:1)
  2 kobolds (D:1)
  2 quokkas (D:1)
  A ball python (D:1)
  4 bats (D:1)
  2 rats (D:1)
25 creatures vanquished.

Notes
Turn   | Place    | Note
-------+----------+-------------------------------------------
     0 | D:1      | firemarshallily the Vine Stalker Gladiator began the quest
                  | for the Orb.
     0 | D:1      | Reached XP level 1. HP: 11/11 MP: 2/2
    69 | D:1      | Reached XP level 2. HP: 13/15 MP: 1/3
    70 | D:1      | Reached skill level 1 in Stealth
   296 | D:1      | Reached skill level 3 in Short Blades
   296 | D:1      | Reached XP level 3. HP: 18/18 MP: 4/4
   423 | D:1      | Succumbed to a goblin's poison

Illustrated notes

Levels and vault maps discovered:
D:1:      dpeg_arrival_arbitrary_b, layout_basic

Skill      XL: |  1  2 |
---------------+-------+-----
Fighting       | 2 |  2.2
Stealth        | 1 |  1.7
Short Blades   | 3 |  3.0
Throwing       | |  1.7
Armour         | |  0.9
Dodging        | |  2.4

Action                     || total
---------------------------++-------
  Melee: Rapier            ||    44
         Bite              ||    18
         Punch             ||     4
         Dagger            ||    42
  Throw: Throwing net      ||     1
    Use: Potion            ||     1
   Stab: Sleeping          ||     1
 Armour: Leather armour    ||    55
  Dodge: Dodged            ||    65
